 Dungeon Crawl Stone Soup version 0.29.1-1-gd02db6906a (webtiles) character file.

Game seed: 16867164833993774910

34 Nonny the Twirler (level 3, 0/31 HPs)
             Began as a Tengu Gladiator on Oct 1, 2022.
             Succumbed to an adder's poison
             ... on level 2 of the Dungeon.
             The game lasted 00:04:55 (486 turns).

Nonny the Twirler (Tengu Gladiator)                  Turns: 486, Time: 00:04:55

Health: 0/31       AC:  3    Str: 16    XL:     3   Next: 31%
Magic:  4/4        EV: 12    Int:  8    God:
Gold:   53         SH:  0    Dex: 15    Spells: 2/2 levels left

rFire   . . .      SeeInvis .   a - +0 quarterstaff
rCold   . . .      Faith    .   (shield currently unavailable)
rNeg    . . .      Spirit   .   b - +0 leather armour
rPois   .          Reflect  .   c - +0 hat
rElec   .          Harm     .   (no cloak)
rCorr   .          Rampage  .   (no gloves)
Will    .....                   (boots unavailable)
Stlth   ..........              (no amulet)
HPRegen 0.10/turn               (no ring)
MPRegen 0.09/turn               (no ring)

@: brilliant, berserking, lethally poisoned (0 -> -3), attractive, flying, very
quick
A: beak, talons 3
a: no special abilities


You were on level 2 of the Dungeon.
You visited 1 branch of the dungeon, and saw 2 of its levels.

You collected 53 gold pieces.

Inventory:

Hand Weapons
 a - a +0 quarterstaff (weapon)
Missiles
 d - 3 throwing nets (quivered)
 e - a javelin
 q - 4 poisoned darts
Armour
 b - a +0 leather armour (worn)
 c - a +0 hat (worn)
Scrolls
 g - a scroll of summoning {unknown}
 i - a scroll of torment {unknown}
 j - 2 scrolls of teleportation
 k - a scroll of amnesia {unknown}
 l - a scroll of immolation {unknown}
 n - a scroll of fear {unknown}


   Skills:
 + Level 2.2 Fighting
 + Level 4.1 Staves
 - Level 2.0 Throwing
 - Level 3.2 Dodging
 * Level 1.6 Stealth


You had 2 spell levels left.
You didn't know any spells.
Your spell library contained the following spells:

 Spells                   Type           Power      Damage    Failure   Level
 Dazzling Flash           Conj/Hex       0%         N/A       85%         3
 Iskenderun's Mystic Bla  Conj/Tloc      0%         2d3       99%         4
 Starburst                Conj/Fire      0%         6d3       100%        6


Dungeon Overview and Level Annotations

Branches:
Dungeon (2/15)

Altars:


Innate Abilities, Weirdness & Mutations

You have a beak for a mouth.
You have claws for feet.


Message History

The adder closely misses you.
You miss the adder.
The adder is lightly wounded.
The adder closely misses you.
You closely miss the adder. Your kick misses the adder. You peck the adder.
The adder is heavily wounded.
The adder bites you.
You are poisoned.
The adder poisons you! The adder bites you.
You are lethally poisoned!
The adder poisons you!
You hit the adder but do no damage. You claw the adder. You peck the adder.
You kill the adder!
You feel very sick.
* * * LOW HITPOINT WARNING * * *
You feel sick.
You see here an adder corpse.
It was a potion of brilliance.
You feel clever all of a sudden.
* * * LOW HITPOINT WARNING * * *
You feel sick.
Enter note: fizzy coppery potion - brilliance
Okay, then.
It was a potion of flight.
You feel very buoyant.
You fly up into the air.
* * * LOW HITPOINT WARNING * * *
You feel sick.
Enter note: silvery potion - flight It was a potion of attraction.
You feel attractive to monsters.
* * * LOW HITPOINT WARNING * * *
You feel sick.
Enter note: The other one is attraction.
A red film seems to cover your vision as you go berserk!
You feel yourself moving faster!
You feel mighty!
* * * LOW HITPOINT WARNING * * *
You feel sick.
You feel a strong urge to attack something.
You die...

#...........#
#.....!....#
#..........#
#.....>....#
#.>........#
######.#####
#.# #†# #@#
#.# #.# #..
####


There were no monsters in sight!

Vanquished Creatures
  An adder (D:2)
  4 endoplasms (D:1)
  2 goblins (D:1)
  2 hobgoblins (D:1)
  3 kobolds (D:1)
  2 quokkas (D:1)
  2 ball pythons (D:1)
  2 bats (D:1)
  2 frilled lizards (D:1)
  3 rats (D:1)
23 creatures vanquished.

Notes
Turn   | Place    | Note
-------+----------+-------------------------------------------
     0 | D:1      | Nonny the Tengu Gladiator began the quest for the Orb.
     0 | D:1      | Reached XP level 1. HP: 12/12 MP: 2/2
    24 | D:1      | Starting vault: 4 fountains in 4 little grass patches.
    96 | D:1      | Reached XP level 2. HP: 16/17 MP: 3/3
   155 | D:1      | Book of Spectacle
   158 | D:1      | Reached skill level 1 in Stealth
   429 | D:1      | Reached skill level 4 in Staves
   429 | D:1      | Reached XP level 3. HP: 14/21 MP: 4/4
   465 | D:2      | AFEDDOBOORU - teleportation
   466 | D:2      | YCKEIPR EHOEME - identify
   466 | D:2      | emerald potion - berserk rage
   483 | D:2      | fizzy coppery potion - brilliance
   484 | D:2      | silvery potion - flight
   484 | D:2      | HP: 1/21 [poisoned by an adder]
   485 | D:2      | The other one is attraction.
   486 | D:2      | Succumbed to an adder's poison

Illustrated notes

... #.#......[..#
#.##.#..⌠...⌠..#
#..#.#.........#
#...'....<....+
##..#.........#
##>.#..⌠...⌠..#
#...#.........#
#.....#†#.........#
..#####@#####+#####
#.# ... ##... ###..
.## .# #


Turn 24 on D:1: Starting vault: 4 fountains in 4 little grass patches. ##.##
##....... #..# #####... ###.## #... ###...######## #### #####...###......#
..................# .##....#####......### ########..........# #.g@...##########
......###### ##### Turn 155 on D:1: Book of Spectacle ## #. #.## #..# #.@# #..#
#..# .... ..... ##.##.. #. .. ## ... Turn 465 on D:2: AFEDDOBOORU -
teleportation ## #. #.## #..# #.@# #..# #..# .... ..... ##.##.. #. .. ## ...
Turn 466 on D:2: YCKEIPR EHOEME - identify ............. #...........#
#.....!....# #..........# #.....>....# #.>........# ######.##### #.# #@# #.# #.#
#.# #.. #### Turn 483 on D:2: fizzy coppery potion - brilliance .............
#...........# #.....!....# #..........# #.....>....# #.>........# ######.#####
#.# #@# #.# #.# #.# #.. #### Turn 484 on D:2: silvery potion - flight
............. #...........# #.....!....# #..........# #.....>....# #.>........#
######.##### #.# #@# #.# #.# #.# #.. #### Turn 485 on D:2: The other one is
attraction.

Levels and vault maps discovered:
D:1:      mushboom_english_gardens, layout_rooms
D:2:      layout_basic, shapermc_ecumenical_altar_rom_forum, uniq_sigmund,
          uniq_terence

Skill      XL: |  1  2 |
---------------+-------+-----
Stealth        | 1 |  1.6
Staves         | 4 |  4.1
Fighting       | |  2.2
Throwing       | |  2.0
Dodging        | |  3.2

Action                   || total
-------------------------++-------
Melee: Quarterstaff      ||    42
       Kick              ||     9
       Peck              ||     5
  Use: Potion            ||     4
       Scroll            ||     2
 Stab: Distracted        ||     1
       Sleeping          ||     1
Armor: Leather armour    ||     7
Dodge: Dodged            ||    25
